 Dungeon Crawl Stone Soup version 0.19-a0-1908-g43c011f (webtiles) character file.

210 Kaname the Covered (level 5, -1/31 HPs)
             Began as a High Elf Wanderer on Oct 22, 2016.
             Slain by Sigmund
             ... wielding a +0 scythe
              (12 damage)
             ... on level 3 of the Dungeon.
             The game lasted 00:12:18 (3407 turns).

Kaname the Covered (High Elf Wanderer)              Turns: 3407, Time: 00:12:18

Health: -1/31      AC:  4    Str: 10    XL:     5   Next: 56%
Magic:  9/9        EV: 11    Int: 21    God:
Gold:   142        SH:  0    Dex: 11    Spells: 3 memorised, 2 levels left

rFire  + . .     SeeInvis .     B - +0 flail (venom)
rCold  x . .     Gourm    .     d - +0 robe
rNeg   . . .     Faith    .     (no shield)
rPois  .         Spirit   .     y - +0 helmet
rElec  .         Reflect  .     (no cloak)
rCorr  .         Harm     .     q - +0 pair of gloves
MR     .....                    (no boots)
Stlth  ++........               o - amulet of regeneration
                                n - ring of stealth
                                h - ring of fire

@: confused
A: no striking features
a: no special abilities


You were on level 3 of the Dungeon.
You were not hungry.

You visited 1 branch of the dungeon, and saw 3 of its levels.

You collected 142 gold pieces.

Inventory:

Hand Weapons
 B - a +0 flail of venom (weapon)
Armour
 d - a +0 robe (worn)
 q - a +0 pair of gloves (worn)
 y - a +0 helmet (worn)
Jewellery
 h - a ring of fire (left hand)
 n - a ring of stealth (right hand)
 o - an amulet of regeneration (around neck)
Scrolls
 p - 2 scrolls of teleportation
 t - a scroll of amnesia {unknown}
 u - a scroll of remove curse
 w - a scroll of identify {unknown}
Potions
 e - a potion of invisibility
 g - a potion of flight {unknown}
 j - 2 potions of curing
 l - a potion of agility {unknown}
 m - a potion of ambrosia {unknown}
 v - a potion of might {unknown}
 x - a potion of cure mutation {unknown}
Books
 a - a Young Poisoner's Handbook

   Spells                             Type                      Level
   a - Sting                          Conjuration/Poison           1
   b - Mephitic Cloud                 Conjuration/Poison/Air       3
   c - Olgreb's Toxic Radiance        Poison                       4
   d - Alistair's Intoxication        Transmutation/Poison         5
   e - Venom Bolt                     Conjuration/Poison           5
 b - Sif Muna's Tome of Transmutation

   Spells                             Type                      Level
   a - Passwall                       Transmutation/Earth          2
   b - Sticks to Snakes               Transmutation                2
 c - the Handbook of Execration

   Spells                             Type                      Level
   a - Corona                         Hexes                        1
   b - Gell's Gravitas                Hexes/Translocation          3
Comestibles
 f - 4 bread rations
 k - 2 meat rations
 s - 4 fruits
 z - 3 chunks of flesh
 A - a royal jelly


   Skills:
   Level 2.0 Crossbows
 - Level 2.6 Armour
 - Level 2.1 Stealth
 - Level 2.2 Spellcasting
 + Level 2.1 Conjurations
   Level 1.0 Hexes
 - Level 2.1 Transmutations
 - Level 2.0 Air Magic
 - Level 2.0 Earth Magic
 - Level 2.0 Poison Magic


You had 2 spell levels left.
You knew the following spells:

 Your Spells              Type           Power        Failure   Level  Hunger
a - Sting                 Conj/Pois      ##..         8%          1    #......
b - Passwall              Tmut/Erth      ##........   12%         2    ##.....
c - Mephitic Cloud        Conj/Pois/Air  ##......     21%         3    ###....


Dungeon Overview and Level Annotations

Branches:
Dungeon (3/15)

Altars:
Okawaru
Yredelemnul

Annotations:
D:3 Sigmund


Message History

The orc moves out of view.
An orc wizard comes into view. It is wielding a dagger.
An orc priest comes into view. It is wielding a dagger.
You see here a potion of curing.
A puff of flame appears from out of thin air!
The puff of flame hits you! You resist.
Found a faded altar of an unknown god.
You hear some strange, mumbled words.
Something tries to affect you, but you resist.
You hit something but do no damage.
You hear some strange, mumbled words.
You are confused.
You closely miss something.
You hear some strange, mumbled words.
A magic dart appears from out of thin air!
The magic dart hits you!
You barely miss something. Something hits you.
You miss something. Something hits you!
You bump into the rock wall.
Something hits you!
You die...

.. #...........+... .#
..##...........#.....#
..................#..#
...[.............#_#.##
..................#...#
......................#
.......##########.....#
.......##########.#####
....!.!.#.......@.#
..........#########
........### .>.........
....###!#### ....# ...
....# #)## .... #.# ###
#.#


There were no monsters in sight!

Vanquished Creatures
  Robin (D:3)
  6 gnolls (D:3)
  5 adders
  A worm (D:2)
  2 dart slugs (D:3)
  2 leopard geckos
  6 orcs (D:3)
  A ball python (D:2)
  5 bats
  5 giant cockroaches
  11 goblins
  9 hobgoblins
  6 jackals
  9 kobolds
  4 frilled lizards
  9 rats
82 creatures vanquished.

Notes
Turn   | Place    | Note
-------+----------+-------------------------------------------
     0 | D:1      | Kaname the High Elf Wanderer began the quest for the Orb.
     0 | D:1      | Kaname set off with: a Young Poisoner's Handbook, Sif Muna's Tome of Transmutation, the Handbook of Execration, a +0 robe, a +0 dagger, a bread ration
     0 | D:1      | Reached XP level 1. HP: 11/11 MP: 3/3
     0 | D:1      | Identified Sif Muna's Tome of Transmutation
     0 | D:1      | Identified the Handbook of Execration
     2 | D:1      | Learned a level 1 spell: Sting
   371 | D:1      | Reached XP level 2. HP: 4/17 MP: 4/4
   787 | D:1      | Reached skill level 1 in Conjurations
  1502 | D:2      | Reached XP level 3. HP: 16/21 MP: 5/5
  1853 | D:2      | Learned a level 2 spell: Passwall
  2165 | D:2      | Found an iron altar of Okawaru.
  2220 | D:2      | Reached XP level 4. HP: 11/27 MP: 8/8
  2269 | D:2      | Learned a level 3 spell: Mephitic Cloud
  2283 | D:2      | Reached skill level 1 in Earth Magic
  2533 | D:3      | Found a basalt altar of Yredelemnul.
  2689 | D:3      | Noticed Robin
  2720 | D:3      | Killed Robin
  2819 | D:3      | Reached skill level 1 in Transmutations
  2825 | D:3      | Reached XP level 5. HP: 8/31 MP: 9/9
  3082 | D:3      | Reached skill level 1 in Air Magic
  3381 | D:3      | Noticed Sigmund
  3396 | D:3      | Found a faded altar of an unknown god.
  3407 | D:3      | Slain by Sigmund

Vault maps used:
D:1:      saegor_arrival_under_anarchy
D:2:      nicolae_overflow_hidden_temple
D:3:      nicolae_overflow_crystal_walls, ecumenical_altar_1, first_bread,
          bloody_makhleb, uniq_robin, uniq_sigmund

Skill      XL: |  1  2  3  4  5 |
---------------+----------------+-----
Poison Magic   | 2 |  2.0
Conjurations   | 1 2 |  2.1
Spellcasting   | 2 |  2.2
Earth Magic    | 2 |  2.0
Transmutations | 1 2 |  2.1
Air Magic      | 2 |  2.0
Crossbows      | |  2.0
Armour         | |  2.6
Stealth        | |  2.1
Hexes          | |  1.0

Action                   |  1- 3 |  4- 6 || total
-------------------------+-------+-------++-------
Melee: Dagger            |   166 |       ||   166
       Hand axe          |    32 |   141 ||   173
       Trident           |    26 |       ||    26
       Flail             |       |    10 ||    10
 Cast: Sting             |     2 |     5 ||     7
  Use: Scroll            |     1 |     2 ||     3
       Potion            |     2 |       ||     2
  Eat: Chunk             |     4 |     5 ||     9
Armor: Scale mail        |   126 |    69 ||   195
       Robe              |       |     3 ||     3
Dodge: Dodged            |   126 |    51 ||   177
